 Dungeon Crawl Stone Soup version 0.14-a0-2723-gdc5d926 (webtiles) character file.

132 ine64 the Insei (level 3, -3/26 HPs)
             Began as a Demonspawn Transmuter on Feb 19, 2014.
             Slain by a gnoll
             ... wielding a +0,+0 halberd
              (5 damage)
             ... on Level 2 of the Dungeon.
             The game lasted 00:26:39 (965 turns).

ine64 the Insei (Demonspawn Transmuter)              Turns: 965, Time: 00:26:39

HP  -3/26        AC  7     Str 11      XL: 3   Next: 51%
MP   6/6         EV  9     Int 14      God:
Gold 83          SH  0     Dex 13      Spells:  1 memorised,  5 levels left

rFire  + . .     SeeInvis .     m - +1 sling
rCold  . . .     Clarity  .     n - +0 ring mail {rF+}
rNeg   . . .     Conserve .     (no shield)
rPois  .         rCorr    .     (no helmet)
rElec  .         rRot     .     (no cloak)
SustAb . .       Spirit   .     (no gloves)
rMut   .         Warding  .     (no boots)
Saprov + . .     Stasis   .     c - amulet of rage
MR     .....                    (no ring)
                                (no ring)

@: not resistant to hostile enchantments, extremely unstealthy
A: yellow scales 1, saprovore 1
a: Evoke Berserk Rage


You were on level 2 of the Dungeon.
You were not hungry.

You visited 1 branch of the dungeon, and saw 2 of its levels.

You collected 83 gold pieces.

Inventory:

Hand weapons
 f - a +1,+0 whip
 k - a +2,+1 sling
 m - a +1,+1 sling (weapon)
Missiles
 b - 45 arrows
 e - 46 stones (quivered)
Armour
 g - a +0 ring mail
 j - a +0 elven leather armour
 n - a +0 ring mail of fire resistance (worn)
 q - a +1 dwarven ring mail
Comestibles
 a - a bread ration
Scrolls
 h - a scroll of teleportation
Jewellery
 c - an amulet of rage (around neck)
Potions
 i - a potion of paralysis {unknown}
 l - 2 potions of heal wounds {unknown}
 o - a potion of might {unknown}
Books
 d - a book of Changes

   Spells                             Type                      Level
   *Beastly Appendage                 Transmutation                1
   Sticks to Snakes                   Transmutation                2
   Spider Form                        Transmutation/Poison         3
   Ice Form                           Ice/Transmutation            4
   Blade Hands                        Transmutation                5
Carrion
 p - an adder corpse


   Skills:
 + Level 1.0 Fighting
 + Level 1.6 Slings
 + Level 0.5 Armour
 + Level 2.0 Dodging
 + Level 3.1 Unarmed Combat
 + Level 2.0 Spellcasting
 + Level 2.0 Transmutations


You had 5 spell levels left.
You knew the following spells:

 Your Spells              Type           Power        Failure   Level  Hunger
a - Beastly Appendage     Trmt           #.....       17%         1    ##.....


Dungeon Overview and Level Annotations

Branches:
Dungeon (2/16)

Altars:


Innate Abilities, Weirdness & Mutations

You are partially covered in yellow scales (AC +2).
You can tolerate rotten meat.


Message History

The gnoll unwields an uncursed spear.
The gnoll drops an uncursed spear.
The gnoll picks up a halberd.
The gnoll wields a halberd.
Firing (i - inventory):
e - 49 stones (quivered)
Press: ? - help, Shift-Dir - straight line, f/p - gnoll
Aim: a gnoll, wielding a halberd (lightly wounded)
You shoot a stone. The stone hits the gnoll.
The gnoll is moderately wounded.
The gnoll hits you but does no damage.
Firing (i - inventory):
e - 48 stones (quivered)
Press: ? - help, Shift-Dir - straight line, f/p - gnoll
Aim: a gnoll, wielding a halberd (moderately wounded)
You shoot a stone. The stone hits the gnoll.
The gnoll is heavily wounded.
Firing (i - inventory):
e - 47 stones (quivered)
Press: ? - help, Shift-Dir - straight line, f/p - gnoll
Aim: a gnoll, wielding a halberd (heavily wounded)
You shoot a stone. The stone hits the gnoll.
The gnoll is severely wounded.
The gnoll hits you from afar with a halberd.
You die...

#........ .......g.
#....g... #(........
#.# #r# #g#
####'######
#...@.....#
#.........#
#.........#
#.........#
#.........#####
#.........#....# .
####.######.##.##.##.
#.................
########.#...#.##.


You could see a gnoll and a rat.

Vanquished Creatures
  2 gnolls (D:2)
  An adder (D:2)
  2 giant cockroaches
  4 goblins
  3 hobgoblins (D:2)
  A bat (D:1)
  A giant newt (D:2)
  2 kobolds
  6 rats
22 creatures vanquished.

Notes
Turn   | Place    | Note
--------------------------------------------------------------
     0 | D:1      | ine64, the Demonspawn Transmuter, began the quest for the Orb.
     0 | D:1      | Reached XP level 1. HP: 15/15 MP: 3/3
   234 | D:1      | Reached skill level 3 in Unarmed Combat
   307 | D:1      | Gained mutation: You are partially covered in yellow scales (AC +2). [demonic ancestry]
   307 | D:1      | Reached XP level 2. HP: 15/21 MP: 4/4
   921 | D:2      | Reached skill level 1 in Slings
   922 | D:2      | Gained mutation: You can tolerate rotten meat. [demonic ancestry]
   922 | D:2      | Reached XP level 3. HP: 22/26 MP: 6/6
   959 | D:2      | HP: 1/26 [gnoll/spear (5)]
   965 | D:2      | Slain by a gnoll

Action                   || total
-------------------------++-------
Melee: Sling             ||     1
 Fire: Sling             ||    96
Throw: Stone             ||    17
  Use: Scroll            ||    11
